 Dungeon Crawl Stone Soup version 0.31.0-9-g3a7656b989 (webtiles) character file.

Game seed: 18142642613655741579

1662162 inmateoo the Acrobat (level 26, 199/199 HPs)
             Began as a Merfolk Gladiator on Jan 24, 2024.
             Was the Champion of Hepliaklqana.
             Escaped with the Orb
             ... and 3 runes!
             The game lasted 01:40:23 (66817 turns).

inmateoo the Acrobat (Merfolk Gladiator)           Turns: 66817, Time: 01:40:24

Health: 199/199    AC: 41    Str: 26    XL:     26   Next: 62%
Magic:  13/36      EV: 20    Int:  7    God:    Hepliaklqana [******]
Gold:   3933       SH: 17    Dex: 23    Spells: 25/25 levels left

rFire   + + .        l - +9 trishula (holy)
rCold   + + .        y - +2 kite shield {reflect}
rNeg    + . .        t - +8 gold dragon scales
rPois   +            G - +2 helmet {SInv}
rElec   +            x - scarf {rC+ rF+}
rCorr   .            f - +3 Mad Mage's Maulers {Infuse+∞ VampMP -Cast}
SInv    +            B - +1 pair of boots
Will    +++++        c - amulet of Fyguuwk {Will+ Regen+ Dex+6} Stlth
                     s - ring of Xom's Passing Interest {Fly rElec rC- Will+++ Str-4}
HPRegen 1.33/turn    I - ring "Hoump" {Wiz rC+ rN+ Str+3 Stlth-}
MPRegen 0.25/turn

%: no spellcasting, reflection, wizardry (x1), infuse magic (13 MP)
@: flying, studying Stealth
A: reduced essence, (nimble swimmer 2), mertail, mutation resistance 1, strong 1
0: Orb of Zot
}: 3/15 runes: serpentine, barnacled, silver
a: Renounce Religion, Recall Ancestor, Ancestor Identity, Transference, Idealise


You escaped.
You worshipped Hepliaklqana.
Hepliaklqana was exalted by your worship.
You visited 9 branches of the dungeon, and saw 45 of its levels.
You also visited: Bailey and Gauntlet.

You collected 9785 gold pieces.
You spent 5852 gold pieces at shops.

Inventory:

Hand Weapons
 l - a +9 trishula of holy wrath (weapon)
 J - a +9 demon trident of protection
Missiles
 d - 16 silver javelins (quivered)
 e - 20 javelins
 h - 4 throwing nets
Armour
 f - the +3 Mad Mage's Maulers (worn) {Infuse+∞ VampMP -Cast}
   (You found it on level 2 of the Dungeon)

   Infuse+∞: It empowers its wearer's blows with all of their magic.
   VampMP:    Blows struck in melee replenish the wearer's magic.
   -Cast:     It prevents spellcasting.
 t - +8 gold dragon scales (worn)
 x - a scarf of resistance (worn)
 y - a +2 kite shield of reflection (worn)
 B - a +1 pair of boots (worn)
 G - a +2 helmet of see invisible (worn)
Jewellery
 c - the amulet of Fyguuwk (around neck) {Will+ Regen+ Dex+6}
   (You acquired it on level 5 of the Lair of Beasts)

   [amulet of regeneration]

   Dex+6:     It affects your dexterity (+6).
   Will+:     It increases your willpower.
   Regen+:    It increases your rate of health regeneration.
 i - a ring of flight
 r - a ring of resist corrosion
 s - the ring of Xom's Passing Interest (left hand) {Fly rElec rC- Will+++ Str-4}
   (You bought it in a shop on level 1 of the Vaults)

   [ring of flight]

   Str-4:     It affects your strength (-4).
   rC-:       It makes you vulnerable to cold.
   rElec:     It insulates you from electricity.
   Will+++:   It greatly increases your willpower.
   Fly:       It grants you flight.
 I - the ring "Hoump" (right hand) {Wiz rC+ rN+ Str+3 Stlth-}
   (You bought it in a shop on level 11 of the Dungeon)

   [ring of wizardry]

   Wiz:       It improves your spell success rate.
   Str+3:     It affects your strength (+3).
   rC+:       It protects you from cold.
   rN+:       It protects you from negative energy.
   Stlth-:    It makes you less stealthy.
Wands
 p - a wand of flame (120)
 v - a wand of light (9)
 P - a wand of mindburst (56)
 V - a wand of digging (36)
 X - a wand of iceblast (44)
Scrolls
 g - 6 scrolls of fog
 j - a scroll of revelation
 w - 2 scrolls of immolation
 C - 12 scrolls of teleportation
 M - 3 scrolls of butterflies
 R - 3 scrolls of silence
 W - 3 scrolls of fear
 Y - 18 scrolls of identify
Potions
 a - 5 potions of resistance
 k - 7 potions of haste
 m - 12 potions of brilliance
 o - 3 potions of berserk rage
 u - 11 potions of might
 z - 4 potions of ambrosia
 A - 8 potions of enlightenment
 D - 7 potions of heal wounds
 H - 20 potions of curing
 N - 6 potions of cancellation
 O - 2 potions of invisibility
 Q - 5 potions of mutation


   Skills:
 - Level 21.0 Fighting
 - Level 24.0 Polearms
 - Level 14.0 Throwing
 + Level 19.0 Armour
 - Level 24.0 Dodging
 - Level 9.0 Stealth
 - Level 14.0 Shields
 - Level 18.0 Invocations


You had 25 spell levels left.
You didn't know any spells.
Your spell library contained the following spells:

 Spells                   Type           Power      Damage    Failure   Level
 Kiss of Death            Conj/Necr      0%         2d5       98%         1
 Magic Dart               Conj           0%         1d3       98%         1
 Sandblast                Erth           0%         2d4       98%         1
 Shock                    Conj/Air       0%         1d3       98%         1
 Sting                    Conj/Alch      0%         1d3       98%         1
 Blink                    Tloc           0%         N/A       99%         2
 Call Imp                 Summ           0%         N/A       99%         2
 Cigotuvi's Dreadful Rot  Necr/Alch/Air  0%         N/A       99%         2
 Ensorcelled Hibernation  Hex/Ice        0%         N/A       99%         2
 Lesser Beckoning         Tloc           0%         N/A       99%         2
 Momentum Strike          Conj/Tloc      0%         3d8       99%         2
 Searing Ray              Conj           0%         2d4       99%         2
 Sublimation of Blood     Necr           0%         N/A       99%         2
 Call Canine Familiar     Summ           0%         N/A       100%        3
 Confusing Touch          Hex            0%         N/A       100%        3
 Dazzling Flash           Conj/Hex       0%         N/A       100%        3
 Gell's Gravitas          Tloc           0%         N/A       100%        3
 Hailstorm                Conj/Ice       0%         3d5       100%        3
 Inner Flame              Hex/Fire       0%         N/A       100%        3
 Mephitic Cloud           Conj/Alch/Air  0%         N/A       100%        3
 Passwall                 Erth           0%         N/A       100%        3
 Sigil of Binding         Hex            0%         N/A       100%        3
 Stone Arrow              Conj/Erth      0%         3d7       100%        3
 Summon Ice Beast         Ice/Summ       0%         N/A       100%        3
 Swiftness                Air            0%         N/A       100%        3
 Teleport Other           Tloc           0%         N/A       100%        3
 Volatile Blastmotes      Fire/Tloc      0%         2d10      100%        3
 Airstrike                Air            0%         2d(0-16)  100%        4
 Anguish                  Hex/Necr       0%         N/A       100%        4
 Brom's Barrelling Bould  Conj/Erth      0%         2d3       100%        4
 Cause Fear               Hex            0%         N/A       100%        4
 Dimensional Bullseye     Hex/Tloc       0%         N/A       100%        4
 Dispel Undead            Necr           0%         3d6       100%        4
 Flame Wave               Conj/Fire      0%         2d4       100%        4
 Fulminant Prism          Conj/Alch      0%         3d5       100%        4
 Iskenderun's Mystic Bla  Conj/Tloc      0%         2d3       100%        4
 Martyr's Knell           Necr/Summ      0%         N/A       100%        4
 Petrify                  Alch/Erth      0%         N/A       100%        4
 Sticky Flame             Fire/Alch      0%         2d4       100%        4
 Summon Blazeheart Golem  Fire/Summ      0%         N/A       100%        4
 Alistair's Intoxication  Alch           0%         N/A       100%        5
 Borgnjor's Vile Clutch   Necr/Erth      0%         N/A       100%        5
 Fireball                 Conj/Fire      0%         3d3       100%        5
 Freezing Cloud           Conj/Ice/Air   0%         6-21      100%        5
 Irradiate                Conj/Alch      0%         3d11      100%        5
 Iskenderun's Battlesphe  Conj           0%         2d6       100%        5
 Summon Forest            Summ/Tloc      0%         N/A       100%        5
 Summon Mana Viper        Hex/Summ       0%         N/A       100%        5
 Conjure Ball Lightning   Conj/Air       0%         3x3d6     100%        6
 Death Channel            Necr           0%         N/A       100%        6
 Eringya's Noxious Bog    Alch           0%         4d6       100%        6
 Sculpt Simulacrum        Ice/Alch       0%         N/A       100%        6
 Starburst                Conj/Fire      0%         6d3       100%        6
 Enfeeble                 Hex            0%         N/A       100%        7
 Haunt                    Necr/Summ      0%         N/A       100%        7
 Orb of Destruction       Conj           0%         9d5       100%        7
 Summon Hydra             Summ           0%         N/A       100%        7
 Borgnjor's Revivificati  Necr           0%         N/A       100%        8
 Maxwell's Capacitive Co  Air            0%         ∞         100%        8
 Death's Door             Necr           0%         N/A       100%        9
 Dragon's Call            Summ           0%         N/A       100%        9


Dungeon Overview and Level Annotations

Branches:
Dungeon (15/15)            Temple (1/1) D:5            Lair (5/5) D:11
 Shoals (4/4) Lair:3        Snake (4/4) Lair:2        Slime (0/5) Lair:4
    Orc (2/2) D:9             Elf (0/3) Orc:2        Vaults (5/5) D:14
  Crypt (0/3) Vaults:2     Depths (4/4) D:15            Zot (5/5) Depths:4
 Bailey (visited)         Gauntlet (visited)

Altars:
Ashenzari
Cheibriados
Dithmenos
Elyvilon
Fedhas
Gozag
Hepliaklqana
Kikubaaqudgha
Makhleb
Nemelex Xobeh
Okawaru
Qazlal
Ru
Sif Muna
Trog
Uskayaw
Vehumet
Wu Jian
Xom
Yredelemnul
Zin
The Shining One
Jiyva
Lugonu

Shops:
D:4 *   D:9 (   D:11 =   Orc:2 =*([   Snake:1 !   Snake:3 :   Snake:4 [
Vaults:1 =   Depths:1 *   Depths:3 [**[   Depths:4 =

Portals:
Hell: Depths:1 Depths:2 Depths:3 Depths:4
Abyss: Shoals:2 Depths:3
Pandemonium: Depths:1 Depths:2
Ziggurat: Depths:4
Trove: Vaults:3 (give +6 demon whip)

Annotations:
Zot:5 exclusion: 2 obsidian statues


Innate Abilities, Weirdness & Mutations

Your life essence is reduced to manifest your ancestor. (-10% HP)
((You are very nimble when in or above water. (Stealth+, EV+, Speed+++)))
Your lower body shifts to a powerful aquatic tail in water.
You are somewhat resistant to further mutation.
Your muscles are strong. (Str +4, Int/Dex -1)


Message History

A cherub comes into view.
It is wielding a +4 scimitar of flaming.
There's something in the way.
Reach: l) +9 trishula (holy)
Press: ? - help, Dir - move target, f - cherub
Aim: a cherub, wielding a +4 scimitar of flaming and wearing a +0 robe (haloed, about 36% to evade your +9 trishula of holy wrath)
You reach to attack!
You impale the cherub!!
The cherub is moderately wounded.
Akiya hits the lich with a +0 broad axe of speed!!!
The lich is destroyed!
Akiya misses the cherub.
The cherub unwields a +4 scimitar of flaming.
It stops flaming.
The cherub wields a +0 longbow.
The cherub shoots an arrow.
You block the arrow with your +2 kite shield of reflection... and reflect it back!
The arrow completely misses the cherub.
Reach: l) +9 trishula (holy)
Press: ? - help, Dir - move target, f/p - cherub
Aim: a cherub, wielding a +0 longbow and wearing a +0 robe (moderately wounded, ally target, haloed, about 36% to evade your +9 trishula of holy wrath)
You reach to attack!
You impale the cherub!!
The cherub is heavily wounded.
Akiya hits the cherub with a +0 broad axe of speed!!!
The cherub dies!
Reach: l) +9 trishula (holy)
Press: ? - help, Dir - move target, f - you That would be overly suicidal.
Okay, then.
Things that are here:
a +0 longbow; a +4 scimitar of flaming; a +0 robe A rat comes into view.
The rat completely misses you.
You barely miss the rat. You puncture the rat!
You kill the rat!
There is a stone staircase leading up here.
You fly upwards.
There is a stone staircase leading down here.
You swap places.
Akiya loses the glow of perfection.
A green death comes into view.
There is a staircase leading out of the dungeon here.
You have escaped!

# #######.# #......# #.#.
######.......# ###....# #.#.
.....#.......# #..[.# #.#.
.............# ###....## #...
.............###.......##########
.......#.#.....'.................
##.##..#.#.#.###....#....########
...##..#...#.###....#....# ##
#......#####...R@####....# ####.
##.#.....2......## #....####....
#.#.###.###...######.(.......###
#.#.................#.#..##### #
##.......#####....##.#.#.########
.........# ####....#...........
##.......# ########...####......
.#.......# ##.......>............
#..#.#######....###########......


You could see the friendly Akiya the knight (reflecting) and a green death.

Vanquished Creatures
  2 dread liches
  2 pandemonium lords
  2 ancient liches
  2 shard shrikes
  5 Killer Klowns
  Saint Roka (Vaults:4)
  11 golden dragons
  2 bone dragons (Zot:3)
  Jory (Depths:4)
  A hellephant (Vaults:3)
  Zenata (Vaults:3)
  Jorgrun (Shoals:1)
  8 tentacled monstrosities
  4 quicksilver dragons
  8 Orb Guardians
  An acid blob (Zot:2)
  3 sphinxes
  7 liches
  6 death cobs
  An Executioner (D:9)
  4 titans
  Polyphemus (Shoals:2)
  7 shadow dragons
  4 protean progenitors
  12 storm dragons
  3 draconian monks
  5 tengu reavers
  Donald (Vaults:3)
  2 nagarajas (Snake:4)
  2 deep elf sorcerers
  7 fire giants
  8 draconian knights
  4 draconian scorchers
  8 frost giants
  A balrug (Zot:2)
  12 vault wardens
  4 draconian shifters
  3 spectral caustic shrikes (Depths:3)
  3 orc warlords
  The ghost of Cown the Bludgeoner, a journeyman TrHu of Yredelemnul (D:14)
  A quicksilver ooze (shapeshifter) (Depths:3)
  4 draconian annihilators
  9 stone giants
  An ironbound thunderhulk (Vaults:4)
  9 ironbound preservers
  19 very ugly things
  A spriggan defender (Depths:2)
  2 quicksilver oozes (Vaults:4)
  A deep elf death mage (Vaults:3)
  3 black draconians
  3 vampire knights
  A deep elf demonologist (Vaults:5)
  9 green draconians
  6 purple draconians
  11 white draconians
  4 spark wasps (Depths:3)
  10 red draconians
  A deep elf annihilator (Vaults:5)
  4 war gargoyles
  8 yellow draconians
  A minotaur (Gauntlet)
  3 dire elephants
  9 ettins
  2 green deaths
  3 blizzard demons (Depths:1)
  4 merfolk impalers (Shoals:4)
  3 deep elf high priests (Vaults:5)
  25 vault guards
  Josephine (Orc:2)
  3 jiangshi (Depths:2)
  10 fire dragons
  5 entropy weavers
  5 great orbs of eyes
  12 merfolk javelineers
  8 ice dragons
  5 rakshasas
  4 yaktaur captains
  3 salamander tyrants (Snake:4)
  A catoblepas (Shoals:2)
  9 centaur warriors
  A spriggan air mage (Depths:4)
  7 hydras
  2 alligators (Zot:1)
  11 ironbound frosthearts
  9 merfolk aquamancers
  3 death knights
  3 satyrs (Shoals:4)
  7 two-headed ogres
  12 anacondas
  An alligator snapping turtle (Shoals:4)
  2 merfolk avatars
  6 boulder beetles
  9 deep troll shamans
  4 spriggan berserkers
  5 deep troll earth magi
  A hell hog (Depths:2)
  4 tengu warriors
  10 naga warriors
  3 vampire magi
  A thrashing horror (Shoals:2)
  4 shock serpents
  A titan zombie (Depths:2)
  10 death yaks
  11 naga sharpshooters
  5 orc high priests
  A soul eater (Depths:2)
  6 spriggans
  A sun demon (Depths:2)
  A deep elf knight (Vaults:4)
  2 skeletal warriors (D:12)
  A salamander mystic (Snake:4)
  8 skysharks
  A shadow wraith (D:14)
  25 hell knights
  9 iron trolls
  3 glowing orange brains
  A shadow demon (D:9)
  28 deep trolls
  13 sea snakes
  A golden dragon skeleton (Depths:2)
  3 flayed ghosts
  A lindwurm (shapeshifter) (D:15)
  5 mana vipers
  9 naga ritualists
  5 lindwurms (Vaults:2)
  13 orc knights
  A deep elf zephyrmancer (Vaults:5)
  5 arcanists
  A wolf spider (D:15)
  An orange crystal statue (Depths:2)
  3 deep elf pyromancers
  7 phantasmal warriors
  10 ironbound convokers
  6 necromancers
  A fire giant zombie (Vaults:3)
  10 harpies
  2 orc sorcerers
  12 manticores
  A manticore (shapeshifter) (Depths:3)
  A stone giant zombie (Vaults:3)
  27 ugly things
  12 fauns
  6 salamanders
  9 elephants
  3 oklob plants
  6 cyclopes
  3 meliai
  21 moths of wrath
  Maurice (Orc:1)
  2 human skeletons (Vaults:3)
  4 guardian serpents
  6 water nymphs
  An apocalypse crab (Shoals:2)
  A kobold blastminer (Orc:2)
  8 naga magi
  10 merfolk sirens
  39 black mambas
  15 vault sentinels
  An orange demon (D:3)
  A torpor snail (Gauntlet)
  8 cane toads
  The ghost of petercordia the Caller, a novice BaSu (D:4)
  2 smoke demons
  A stone giant skeleton (Depths:2)
  2 unseen horrors
  2 rime drakes
  A yaktaur zombie (Vaults:3)
  An efreet (D:13)
  26 yaktaurs
  2 hellions (Depths:2)
  A spark wasp simulacrum (Depths:2)
  9 komodo dragons
  4 freezing wraiths
  5 tengu conjurers
  21 merfolk
  A merfolk (shapeshifter) (Vaults:5)
  4 polar bears
  4 trolls
  6 wind drakes
  8 hornets
  Grinder (D:3)
  13 blink frogs
  A glass eye (shapeshifter) (Depths:1)
  A human simulacrum (Vaults:3)
  4 snapping turtles
  2 dream sheep (Shoals:3)
  A raiju (shapeshifter) (D:14)
  2 jumping spiders
  5 air elementals (Shoals:4)
  Sigmund (D:3)
  29 slime creatures
  A culicivora (shapeshifter) (Vaults:2)
  5 wraiths
  29 water elementals
  3 wyverns
  A yak (shapeshifter) (D:13)
  A vampire (D:13)
  37 yaks
  2 wargs (Orc:2)
  A basilisk (Lair:2)
  Grum (D:8)
  4 steam dragons
  2 redbacks
  4 vampire mosquitoes
  28 nagas
  2 acid dragons
  A glowing shapeshifter zombie (Vaults:3)
  15 water moccasins
  Duvessa (D:7)
  30 orc warriors
  2 sky beasts
  3 ice beasts
  6 black bears
  A human zombie (Vaults:3)
  2 laughing skulls (D:12)
  2 small abominations
  14 wolves
  A phantom (D:5)
  9 ogres
  3 centaurs
  2 kobold brigands
  Blork the orc (D:4)
  14 bullfrogs
  2 scorpions
  9 wights
  8 killer bees
  4 howler monkeys
  3 electric eels
  5 crimson imps (D:7)
  2 bombardier beetles (D:4)
  10 jellies
  13 orc priests
  4 hounds
  Jessica (D:3)
  3 iguanas
  2 sleepcaps (D:7)
  15 orc wizards
  An ogre zombie (D:4)
  10 adders
  11 gnolls
  2 gnoll zombies (D:4)
  3 shadow imps
  4 white imps
  3 ribbon worms
  2 dart slugs
  46 orcs
  5 bats
  23 endoplasms
  6 giant cockroaches
  10 goblins
  9 hobgoblins
  2 jackals (D:1)
  14 kobolds
  6 quokkas
  6 ball pythons
  8 frilled lizards
  6 rats
  2 aspiring fleshes
1547 creatures vanquished.

Vanquished Creatures (collateral kills)
  Frederick (Depths:4)
  Mennas (Vaults:3)
  A juggernaut (Zot:3)
  3 Killer Klowns
  Margery (Vaults:3)
  4 tentacled monstrosities
  2 Orb Guardians (Zot:5)
  A lich (D:2)
  2 quicksilver dragons (Vaults:5)
  A sphinx (Vaults:4)
  A death cob (Zot:4)
  A tengu reaver (Vaults:5)
  4 shadow dragons (Vaults:5)
  2 protean progenitors
  4 storm dragons
  The ghost of rpophessagr the Bludgeoner, a journeyman HOMo of Ashenzari (Orc:1)
  A draconian knight (Zot:5)
  2 draconian monks
  A draconian shifter (Zot:3)
  A nagaraja (Snake:4)
  A fire giant (Vaults:5)
  A deep elf sorcerer (Vaults:5)
  A frost giant (Vaults:5)
  An iron dragon (Vaults:5)
  2 vault wardens
  3 ironbound preservers
  Louise (Shoals:2)
  7 very ugly things
  2 black draconians
  An ironbound thunderhulk (Vaults:4)
  3 green draconians
  A vampire knight (Depths:3)
  2 dire elephants (Vaults:2)
  A purple draconian (Zot:1)
  2 yellow draconians
  A white draconian (Zot:1)
  A red draconian (Zot:3)
  2 ettins (Depths:2)
  3 merfolk impalers
  A fire dragon (Depths:4)
  The ghost of snonkTrekker the Carver, a journeyman MiBe of Trog (Lair:1)
  3 deep elf high priests (Vaults:5)
  An ice dragon (Depths:1)
  3 yaktaur captains (Vaults:5)
  9 vault guards
  2 rakshasas (Depths:2)
  2 hydras
  2 ogre magi
  A spriggan air mage (Depths:2)
  3 ironbound frosthearts
  A peacekeeper (Vaults:1)
  3 centaur warriors
  2 anacondas
  A merfolk avatar (Shoals:2)
  A merfolk aquamancer (Shoals:2)
  A two-headed ogre (Vaults:5)
  A catoblepas (Lair:5)
  2 death yaks
  2 deep troll earth magi
  2 naga warriors
  A deep troll shaman (Depths:2)
  A thrashing horror (Shoals:2)
  An orc high priest (Orc:1)
  4 hell knights
  A skyshark (Shoals:3)
  A salamander mystic (Snake:3)
  5 skeletal warriors
  2 sea snakes
  A cherub (D:2)
  9 deep trolls
  3 lindwurms
  A glowing orange brain (Vaults:4)
  2 orc knights
  An arcanist (Vaults:1)
  3 ironbound convokers
  A phantasmal warrior (Depths:4)
  2 mana vipers
  A naga ritualist (Snake:1)
  A harpy (Shoals:2)
  A necromancer (Depths:1)
  A faun (shapeshifter) (Vaults:5)
  An oklob plant (Lair:1)
  9 ugly things
  4 manticores
  An orc sorcerer (Vaults:4)
  2 salamanders (Snake:4)
  5 moths of wrath
  3 cyclopes
  2 guardian serpents
  A faun (Shoals:2)
  An apocalypse crab (Shoals:2)
  2 naga magi (Snake:4)
  3 elephants
  5 vault sentinels
  2 merfolk sirens
  A black mamba (Snake:1)
  An orange demon (Zot:1)
  2 unseen horrors
  A cane toad (Lair:1)
  A komodo dragon (Lair:5)
  3 tengu conjurers
  2 yaktaurs (Vaults:3)
  A troll (D:12)
  8 merfolk
  4 snapping turtles
  3 blink frogs
  2 merfolk zombies (Shoals:2)
  7 slime creatures
  8 water elementals
  A spriggan (Depths:2)
  A wraith (Orc:2)
  3 yaks
  A basilisk (Lair:5)
  2 wargs
  An unseen horror simulacrum (D:9)
  A redback (Zot:1)
  2 vampire mosquitoes
  7 nagas
  2 water moccasins
  11 orc warriors
  3 wolves
  8 ogres
  A centaur (D:6)
  A kobold brigand (D:8)
  3 bullfrogs
  A scorpion (D:11)
  3 wights
  Dowan (D:7)
  2 killer bees (D:10)
  A howler monkey (D:8)
  A crimson imp (D:7)
  5 orc priests
  2 jellies (Lair:4)
  6 orc wizards
  3 gnolls (Bailey)
  An adder (D:4)
  A white imp (D:7)
  18 orcs
  3 endoplasms
  4 goblins (Bailey)
  3 hobgoblins (Bailey)
  3 kobolds
349 creatures vanquished.

Vanquished Creatures (others)
  A quicksilver dragon (Zot:1)
  Ilsuiw (Shoals:2)
  A draconian scorcher (Zot:3)
  A stone giant (Depths:1)
  A black draconian (Zot:1)
  2 centaur warriors (Vaults:4)
  A harpy (Shoals:1)
  A deep elf pyromancer (Vaults:5)
  A manticore (Shoals:1)
  2 yaktaurs (Vaults:2)
  2 merfolk
  A raiju (Gauntlet)
  An ogre (Vaults:5)
  44 knights
  An orc wizard (D:11)
  5 ancestors
66 creatures vanquished.

Grand Total: 1962 creatures vanquished

Notes
Turn   | Place    | Note
-------+----------+-------------------------------------------
     0 | D:1      | inmateoo the Merfolk Gladiator began the quest for the Orb.
     0 | D:1      | Reached XP level 1. HP: 16/16 MP: 1/1
    64 | D:1      | Found a faded altar of an unknown god.
   157 | D:1      | Reached XP level 2. HP: 23/23 MP: 2/2
   462 | D:1      | Reached XP level 3. HP: 26/28 MP: 3/3
   876 | D:2      | Found the +3 Mad Mage's Maulers {Infuse+∞ VampMP -Cast}
  1192 | D:2      | Reached skill level 1 in Armour
  1255 | D:2      | Reached XP level 4. HP: 34/34 MP: 0/4
  1904 | D:3      | Noticed Sigmund
  1915 | D:3      | Killed Sigmund
  1916 | D:3      | Reached skill level 5 in Polearms
  1916 | D:3      | Reached skill level 5 in Dodging
  1916 | D:3      | Reached skill level 1 in Invocations
  1916 | D:3      | Reached XP level 5. HP: 38/41 MP: 2/6
  1916 | D:3      | Reached XP level 6. HP: 44/47 MP: 2/7
  2178 | D:3      | Noticed Jessica
  2179 | D:3      | Killed Jessica
  2306 | D:3      | Noticed Grinder
  2308 | D:3      | Paralysed by Grinder for 2 turns
  2324 | D:3      | Paralysed by Grinder for 5 turns
  2332 | D:3      | Killed Grinder
  2333 | D:3      | Reached XP level 7. HP: 48/54 MP: 4/9
  2376 | D:3      | Identified the +0 trident "Blob" {drain, rPois}
  2633 | D:4      | Noticed Blork the orc
  2636 | D:4      | Killed Blork the orc
  2944 | D:4      | Found a transporter.
  3055 | D:4      | Found a snail-covered altar of Cheibriados.
  3197 | D:4      | Found a blossoming altar of Fedhas.
  3197 | D:4      | Found a shadowy altar of Dithmenos.
  3225 | D:4      | Reached XP level 8. HP: 60/60 MP: 1/10
  3323 | D:4      | Found a runed translucent door.
  3326 | D:4      | Noticed petercordia's ghost (novice BaSu)
  3344 | D:4      | Found Emniguli's Neck Hole.
  3413 | D:4      | Found a transporter.
  3418 | D:4      | Identified the +2 war axe of Oozing Pus {heavy, ^Contam rF+
                  | Str+2}
  3731 | D:5      | Entered Level 5 of the Dungeon
  3768 | D:5      | Found a staircase to the Ecumenical Temple.
  3781 | Temple   | Entered the Ecumenical Temple
  3792 | Temple   | Became a worshipper of Hepliaklqana the Forgotten
  3865 | D:5      | Reached skill level 5 in Throwing
  4234 | D:6      | Reached XP level 9. HP: 47/65 MP: 1/12
  4299 | D:6      | Reached * piety under Hepliaklqana
  4612 | D:6      | Noticed an oklob plant
  4620 | D:6      | Reached skill level 10 in Polearms
  4655 | D:6      | Reached skill level 10 in Dodging
  4840 | D:6      | Killed an oklob plant
  4841 | D:6      | Reached skill level 1 in Stealth
  5270 | D:7      | Reached XP level 10. HP: 37/65 MP: 1/13
  5843 | D:7      | Reached skill level 5 in Fighting
  5908 | D:7      | Reached skill level 5 in Invocations
  5951 | D:7      | Noticed Duvessa
  5951 | D:7      | Noticed Dowan
  5954 | D:7      | Killed Duvessa
  5957 | D:7      | Killed Dowan
  6208 | D:8      | Noticed Grum
  6216 | D:8      | Killed Grum
  6416 | D:8      | Found a flagged portal.
  6425 | Bailey   | Entered a bailey
  6439 | Bailey   | Reached ** piety under Hepliaklqana
  6440 | Bailey   | Remembered your ancestor Akiya as a knight
  6715 | Bailey   | Noticed an orc warlord
  6719 | Bailey   | Noticed an orc knight
  6830 | Bailey   | Killed an orc knight
  6831 | Bailey   | Reached XP level 11. HP: 64/72 MP: 4/15
  6882 | Bailey   | Killed an orc warlord
  7317 | D:9      | Reached skill level 5 in Stealth
  7415 | D:9      | Noticed a two-headed ogre
  7418 | D:9      | Noticed an eight-headed hydra
  7421 | D:9      | Killed a two-headed ogre
  7489 | D:8      | Killed an eight-headed hydra
  7670 | D:9      | Found Oluits's Weapon Emporium.
  7706 | D:9      | Found a staircase to the Orcish Mines.
  8016 | D:9      | Noticed a boulder beetle
  8065 | D:9      | Killed a boulder beetle
  8195 | D:9      | Noticed a centaur warrior
  8222 | D:9      | Noticed a cyclops
  8225 | D:9      | Killed a centaur warrior
  8456 | D:9      | Identified the amulet of the Beloved God {Acrobat rPois
                  | rCorr Str-3}
  8570 | D:10     | Entered Level 10 of the Dungeon
  8714 | D:10     | Reached *** piety under Hepliaklqana
  8899 | D:10     | Reached XP level 12. HP: 81/81 MP: 5/17
  8913 | D:10     | Reached skill level 5 in Armour
  9044 | D:10     | Identified the +2 robe of the Jolly Loafs {rPois rF++
                  | Str+2}
  9342 | D:11     | Noticed a deep troll earth mage
  9351 | D:11     | Killed a deep troll earth mage
  9494 | D:11     | Found a staircase to the Lair.
  9727 | D:11     | Noticed a boulder beetle
  9746 | D:11     | Killed a boulder beetle
  9794 | D:11     | Reached **** piety under Hepliaklqana
  9953 | D:11     | Noticed a boulder beetle
  9957 | D:11     | Killed a boulder beetle
 10010 | D:11     | Found Hiuseh's Jewellery Shoppe.
 10015 | D:11     | Bought the ring "Hoump" {Wiz rC+ rN+ Str+3 Stlth-} for 743
                  | gold pieces
 10162 | D:11     | Noticed a two-headed ogre
 10165 | D:11     | Killed a two-headed ogre
 10619 | D:12     | You fall into a shaft and drop 2 floors!
 10735 | D:14     | Found a large runed translucent door.
 10735 | D:14     | Found a large runed translucent door.
 10749 | D:14     | Noticed a boulder beetle
 10762 | D:14     | Killed a boulder beetle
 10850 | D:14     | Noticed a four-headed hydra
 10855 | D:14     | Killed a four-headed hydra
 11049 | D:14     | Noticed a fire dragon
 11059 | D:14     | Killed a fire dragon
 11060 | D:14     | Reached XP level 13. HP: 71/88 MP: 1/18
 11147 | D:14     | Reached skill level 15 in Polearms
 11147 | D:14     | Reached skill level 15 in Dodging
 11198 | D:14     | Reached skill level 1 in Shields
 11434 | D:14     | Noticed a fire dragon
 11487 | D:14     | Killed a fire dragon
 12786 | D:12     | Reached ***** piety under Hepliaklqana
 13721 | D:14     | Noticed Cown's ghost (journeyman TrHu)
 13815 | Lair:1   | Entered Level 1 of the Lair of Beasts
 14005 | Lair:1   | Reached XP level 14. HP: 97/97 MP: 4/20
 14081 | Lair:1   | Found a transporter.
 14095 | Lair:1   | Found a transporter.
 14096 | Lair:1   | Noticed snonkTrekker's ghost (journeyman MiBe)
 14468 | Lair:2   | Found a gate leading to a gauntlet.
 14484 | Gauntlet | Entered a Gauntlet
 14484 | Gauntlet | Found a transporter.
 14493 | Gauntlet | Found a transporter.
 14508 | Gauntlet | Found a transporter.
 14511 | Gauntlet | Noticed a reaper
 14513 | Gauntlet | Found a transporter.
 14530 | Gauntlet | Found a transporter.
 14548 | Gauntlet | Found a transporter.
 14560 | Gauntlet | Found a transporter.
 14572 | Gauntlet | Found a transporter.
 14584 | Gauntlet | Found a transporter.
 14596 | Gauntlet | Found a transporter.
 14613 | Gauntlet | Found a transporter.
 14631 | Gauntlet | Found a transporter.
 14633 | Gauntlet | Found a transporter.
 14658 | Gauntlet | Found a transporter.
 14660 | Gauntlet | Found a transporter.
 14678 | Gauntlet | Found the +1 cloak of Starlight {*Dazzle EV+4 Stlth--}
 14680 | Gauntlet | Found a transporter.
 14758 | Gauntlet | Found a transporter.
 14780 | Gauntlet | Found a transporter.
 15050 | Gauntlet | Identified the +1 cloak of the Ward {Int+3}
 15447 | Lair:2   | Found a staircase to the Snake Pit.
 16436 | Lair:3   | Identified the blade talisman of Witz {rN+}
 16529 | Lair:3   | Found a staircase to the Shoals.
 16882 | Lair:4   | Found a staircase to the Slime Pits.
 16882 | Lair:4   | Found a viscous altar of Jiyva.
 17271 | Lair:4   | Reached skill level 10 in Fighting
 17271 | Lair:4   | Reached ****** piety under Hepliaklqana
 17646 | Lair:5   | Entered Level 5 of the Lair of Beasts
 17843 | Lair:5   | Reached XP level 15. HP: 102/103 MP: 2/22
 18376 | Lair:5   | Identified a scroll of acquirement
 18619 | Lair:5   | Acquired the amulet of Fyguuwk {Will+ Regen+ Dex+6}
 18713 | Lair:5   | Found a stormy altar of Qazlal.
 19273 | D:14     | Reached skill level 10 in Invocations
 19469 | D:14     | Found a gate to the Vaults.
 19544 | D:14     | Killed Cown's ghost
 19883 | D:4      | Killed petercordia's ghost
 20158 | Lair:1   | Killed snonkTrekker's ghost
 20207 | Lair:1   | Reached skill level 10 in Throwing
 20337 | D:15     | Entered Level 15 of the Dungeon
 21159 | D:14     | Reached XP level 16. HP: 113/113 MP: 3/23
 21289 | D:15     | Reached skill level 10 in Armour
 21640 | D:15     | Found a staircase to the Depths.
 22024 | Orc:1    | Entered Level 1 of the Orcish Mines
 22139 | Orc:2    | Entered Level 2 of the Orcish Mines
 22155 | Orc:2    | Gained mutation: Your magical capacity is low. (-10% MP) [a
                  | neqoxec]
 22156 | Orc:2    | Noticed Maurice
 22279 | Orc:1    | Lost mutation: Your magical capacity is low. (-10% MP)
                  | [potion of mutation]
 22279 | Orc:1    | Gained mutation: You are agile. (Dex +4, Str/Int -1)
                  | [potion of mutation]
 22279 | Orc:1    | Gained mutation: You passively dampen the noise of your
                  | surroundings. [potion of mutation]
 22279 | Orc:1    | Gained mutation: Your muscles are strong. (Str +4, Int/Dex
                  | -1) [potion of mutation]
 22967 | Orc:1    | Killed Maurice
 23153 | Orc:2    | Found Nyummaix's General Store.
 23506 | Orc:2    | Found Ebi Uloa's Jewellery Emporium.
 23591 | Orc:2    | Found Zythruomy's Antique Armour Shop.
 23629 | Orc:2    | Found a staircase to the Elven Halls.
 23682 | Orc:2    | Found Jor Nior's Antique Weapon Shop.
 23701 | Orc:2    | Noticed Josephine
 23712 | Orc:2    | Killed Josephine
 23910 | Orc:2    | Bought a scroll of teleportation for 33 gold pieces
 23910 | Orc:2    | Bought a potion of might for 44 gold pieces
 23910 | Orc:2    | Bought a potion of might for 44 gold pieces
 23910 | Orc:2    | Bought a scroll of enchant weapon for 82 gold pieces
 23910 | Orc:2    | Bought a potion of might for 44 gold pieces
 24398 | Orc:1    | Found a runed translucent gate.
 24401 | Orc:1    | Found a runed translucent gate.
 24401 | Orc:1    | Found a runed translucent gate.
 24403 | Orc:1    | Noticed rpophessagr's ghost (journeyman HOMo)
 24564 | Orc:1    | Killed rpophessagr's ghost
 24933 | Snake:1  | Entered Level 1 of the Snake Pit
 25439 | Snake:1  | Reached skill level 5 in Shields
 26143 | Snake:1  | Found Zumoq's Distillery.
 26148 | Snake:1  | Bought 3 potions of heal wounds for 285 gold pieces
 26148 | Snake:1  | Bought a potion of haste for 190 gold pieces
 26148 | Snake:1  | Bought a potion of curing for 57 gold pieces
 26148 | Snake:1  | Bought a potion of resistance for 190 gold pieces
 26148 | Snake:1  | Bought a potion of curing for 57 gold pieces
 26231 | Snake:2  | Found a white marble altar of Elyvilon.
 27124 | Snake:2  | Reached XP level 17. HP: 121/121 MP: 1/25
 27124 | Snake:2  | Reached XP level 18. HP: 128/128 MP: 1/26
 27566 | Snake:3  | Found Yner's Self-Published Books.
 27866 | Snake:3  | Identified the +2 spear of Dash {venom, Will+}
 28687 | Snake:3  | Identified the +8 ice dragon scales of a bazaar {^Drain
                  | rElec rF- rC++ Str+2}
 28705 | Snake:3  | Identified the +1 flail "Murmur" {protect, rElec Stlth+}
 29076 | Orc:2    | Bought a ring of protection from fire for 375 gold pieces
 29206 | D:4      | Bought a scarf of resistance for 352 gold pieces
 29487 | Snake:4  | Entered Level 4 of the Snake Pit
 31014 | Snake:4  | Found George's Dragon-Slaying Spoils.
 31441 | Snake:4  | Got a serpentine rune of Zot
 31803 | Shoals:1 | Entered Level 1 of the Shoals
 32216 | Shoals:1 | Noticed Jorgrun
 32237 | Shoals:1 | Killed Jorgrun
 32238 | Shoals:1 | Reached XP level 19. HP: 109/136 MP: 2/28
 32766 | Shoals:2 | Found a runed translucent door.
 32973 | Shoals:2 | Noticed Ilsuiw
 32988 | Shoals:2 | Noticed Louise
 32994 | Shoals:2 | Killed Ilsuiw
 33016 | Shoals:2 | Killed Louise
 33113 | Shoals:2 | Noticed Polyphemus
 33138 | Shoals:2 | Killed Polyphemus
 33364 | Shoals:2 | Got the Almanac of Fulmination
 33860 | Shoals:2 | Found a corrupted altar of Lugonu.
 33860 | Shoals:2 | Found a one-way gate to the infinite horrors of the Abyss.
 33861 | Shoals:2 | Found the +7 Spriggan's Knife {stab, EV+4 Stlth+}
 34347 | Shoals:3 | Found a snail-covered altar of Cheibriados.
 34777 | Shoals:4 | Entered Level 4 of the Shoals
 34786 | Shoals:4 | Paralysed by an air elemental for 1 turns
 35586 | Shoals:4 | Identified the +8 dagger of Crystal {speed, ^Contam rElec
                  | rPois Int+4}
 35636 | Shoals:4 | Paralysed by an air elemental for 1 turns
 35740 | Shoals:4 | Reached skill level 15 in Fighting
 36029 | Shoals:4 | Reached XP level 20. HP: 145/145 MP: 1/30
 36050 | Shoals:4 | Got a barnacled rune of Zot
 36052 | Shoals:4 | Got Cimumot's Vellum of Assembling and the Welkin
 36682 | Vaults:1 | Entered Level 1 of the Vaults
 37088 | Snake:4  | Bought +0 gold dragon scales for 1760 gold pieces
 38174 | Vaults:1 | Found Diokeso's Jewellery Boutique.
 39467 | Vaults:2 | Found a staircase to the Crypt.
 39745 | Vaults:3 | Reached skill level 15 in Invocations
 39952 | Vaults:3 | Noticed Zenata
 39966 | Vaults:3 | HP: 6/145 [+0 scimitar of protection[Zenata] (3)]
 40773 | Vaults:3 | Reached XP level 21. HP: 151/151 MP: 7/32
 40962 | Vaults:3 | Noticed Margery
 40962 | Vaults:3 | Noticed Mennas
 41198 | Vaults:3 | Killed Margery
 41568 | Vaults:3 | Killed Mennas
 41812 | Vaults:3 | Killed Zenata
 41869 | Vaults:3 | Noticed Donald
 41876 | Vaults:3 | Killed Donald
 41977 | Vaults:3 | Found a portal to a secret trove of treasure.
 42277 | Vaults:4 | Noticed Saint Roka
 42304 | Vaults:4 | Killed Saint Roka
 42556 | Vaults:4 | Found a runed translucent door.
 42946 | Vaults:4 | Reached skill level 15 in Armour
 43549 | Depths:1 | Entered Level 1 of the Depths
 43565 | Depths:1 | Found a one-way gate leading to the halls of Pandemonium.
 43635 | Depths:1 | Found a hide-covered altar of Uskayaw.
 44045 | Vaults:1 | Bought the ring of Xom's Passing Interest {Fly rElec rC-
                  | Will+++ Str-4} for 573 gold pieces
 44432 | Depths:1 | Found Qofrusa's General Store.
 44468 | Depths:1 | Reached XP level 22. HP: 121/158 MP: 2/33
 44876 | Depths:1 | Found a gateway to Hell.
 45150 | Depths:2 | Found a blossoming altar of Fedhas.
 45296 | Depths:2 | You are sucked into a shaft and drop 1 floor!
 45296 | Depths:3 | Found Gozag's Antique Armour Emporium.
 46474 | Depths:3 | Found Gozag's Assorted Antiques.
 46502 | Depths:3 | Found Gozag's Assorted Antiques.
 46564 | Depths:3 | Found an opulent altar of Gozag.
 46564 | Depths:3 | Noticed a golden dragon
 46749 | Depths:3 | Killed a golden dragon
 46888 | Depths:3 | Bought a pair of glowing boots for 750 gold pieces
 46939 | Depths:3 | Reached skill level 10 in Shields
 47341 | Depths:3 | Reached XP level 23. HP: 166/166 MP: 4/35
 47480 | Depths:3 | Found Tompunas's Armour Boutique.
 47607 | Depths:4 | Entered Level 4 of the Depths
 47608 | Depths:4 | Found a one-way gateway to a ziggurat.
 48300 | Depths:4 | Noticed Jory
 48314 | Depths:4 | Killed Jory
 48502 | Depths:4 | Found a gate to the Realm of Zot.
 48502 | Depths:4 | Noticed a golden dragon
 48517 | Depths:4 | Killed a golden dragon
 48597 | Depths:4 | Found Guof's Jewellery Emporium.
 48786 | Depths:4 | Identified the orb "Gej Suex" {light, Rampage Will+ Tloc}
 48786 | Depths:4 | Noticed Frederick
 48796 | Depths:4 | Killed Frederick
 48878 | Depths:4 | Noticed a golden dragon
 48882 | Depths:4 | Killed a golden dragon
 49517 | Vaults:5 | Entered Level 5 of the Vaults
 50446 | Vaults:5 | Noticed an ancient lich
 50700 | Vaults:5 | Killed an ancient lich
 50713 | Vaults:5 | Identified the +7 whip "Orb Guardian's Curse" {drain, rC+
                  | Str+3}
 50906 | Vaults:5 | Reached XP level 24. HP: 175/175 MP: 1/35
 51887 | Vaults:5 | Found the +8 Vampire's Tooth {megavamp}
 52605 | Vaults:5 | Noticed a dread lich
 52616 | Vaults:5 | Killed a dread lich
 52803 | Vaults:5 | Found the +7 hand cannon "Mule" {flame, backblast, rF+}
 52821 | Vaults:5 | Identified the +8 quarterstaff of Ixkyqar {antimagic, Str+3
                  | Int+4 SInv}
 52850 | Vaults:5 | Identified the staff "Beastbane" {rPois rF+ Alchemy}
 53036 | Vaults:5 | Got a silver rune of Zot
 53467 | Depths:1 | Bought a potion of haste for 210 gold pieces
 53467 | Depths:1 | Bought a potion of curing for 63 gold pieces
 53544 | Zot:1    | Entered Level 1 of the Realm of Zot
 54934 | Zot:1    | Reached XP level 25. HP: 116/183 MP: 1/36
 55568 | Zot:2    | Noticed a shard shrike
 55568 | Zot:2    | Noticed a shard shrike
 55743 | Zot:1    | Killed a shard shrike
 55913 | Zot:2    | Killed a shard shrike
 57302 | Zot:3    | Noticed a Killer Klown
 57302 | Zot:3    | Noticed a Killer Klown
 57302 | Zot:3    | Noticed a Killer Klown
 57302 | Zot:3    | Noticed a Killer Klown
 57302 | Zot:3    | Noticed a Killer Klown
 57302 | Zot:3    | Noticed a Killer Klown
 57337 | Zot:3    | Noticed a juggernaut
 57355 | Zot:3    | Killed a juggernaut
 57362 | Zot:3    | Killed a Killer Klown
 57509 | Zot:3    | Killed a Killer Klown
 57742 | Zot:3    | Killed a Killer Klown
 57749 | Zot:3    | Killed a Killer Klown
 58532 | Zot:3    | Killed a Killer Klown
 59822 | Zot:3    | Killed a Killer Klown
 60344 | Zot:3    | Reached XP level 26. HP: 195/195 MP: 2/36
 60879 | Zot:4    | Noticed a Killer Klown
 60909 | Zot:4    | Killed a Killer Klown
 61805 | Zot:5    | Entered Level 5 of the Realm of Zot
 63449 | Zot:5    | Noticed a dread lich
 63453 | Zot:5    | Killed a dread lich
 64882 | Zot:5    | Noticed a dread lich
 65212 | Zot:5    | Noticed an ancient lich
 65222 | Zot:5    | Killed an ancient lich
 66033 | Zot:5    | Noticed a Killer Klown
 66047 | Zot:5    | Killed a Killer Klown
 66199 | Zot:5    | Noticed an orb of fire
 66202 | Zot:5    | Noticed a Killer Klown
 66210 | Zot:5    | Gained mutation: Your body sometimes deteriorates upon
                  | taking damage. [an orb of fire]
 66217 | Zot:5    | Got the Orb of Zot
 66217 | Zot:5    | Noticed an orb of fire
 66217 | Zot:5    | Gained mutation: You sometimes lose your temper in combat.
                  | [an orb of fire]
 66218 | Zot:5    | Noticed a Killer Klown
 66219 | Zot:5    | Noticed a Killer Klown
 66221 | Zot:5    | Lost mutation: Your muscles are strong. (Str +4, Int/Dex
                  | -1) [an orb of fire]
 66221 | Zot:5    | Noticed a Killer Klown
 66269 | Zot:4    | Lost mutation: You passively dampen the noise of your
                  | surroundings. [potion of mutation]
 66269 | Zot:4    | Lost mutation: You are agile. (Dex +4, Str/Int -1) [potion
                  | of mutation]
 66269 | Zot:4    | Gained mutation: You occasionally lose the ability to read
                  | scrolls when taking damage. [potion of mutation]
 66269 | Zot:4    | Gained mutation: Your movements are slightly less
                  | encumbered by armour. (ER -2) [potion of mutation]
 66270 | Zot:4    | Lost mutation: Your body sometimes deteriorates upon taking
                  | damage. [potion of mutation]
 66270 | Zot:4    | Lost mutation: You occasionally lose the ability to read
                  | scrolls when taking damage. [potion of mutation]
 66270 | Zot:4    | Lost mutation: Your movements are slightly less encumbered
                  | by armour. (ER -2) [potion of mutation]
 66270 | Zot:4    | Gained mutation: Your muscles are strong. (Str +4, Int/Dex
                  | -1) [potion of mutation]
 66270 | Zot:4    | Lost mutation: You sometimes lose your temper in combat.
                  | [potion of mutation]
 66270 | Zot:4    | Gained mutation: You are somewhat resistant to further
                  | mutation. [potion of mutation]
 66694 | D:3      | Noticed Kugy the pandemonium lord
 66711 | D:3      | Killed Kugy the pandemonium lord
 66749 | D:2      | Noticed Ycruysm the pandemonium lord
 66755 | D:2      | Killed Ycruysm the pandemonium lord
 66817 | D:$      | Escaped with the Orb!

Illustrated notes

Levels and vault maps discovered:
D:1:      dpeg_arrival_tiny_a, layout_basic,
          shapermc_ecumenical_altar_starsandcircs, st_stairs_8,
          chequers_serial_rivers_micro_a
D:2:      layout_loops_corners, chequers_jeans
D:3:      layout_loops_cross, uniq_grinder, uniq_jessica, uniq_sigmund
D:4:      gammafunk_cloud_chamber, layout_loops_ring, jmf_multi_god_temple,
          chei_slow_surprise, ebering_ghost_sewer_d,
          nicolae_shop_sticking_my_neck_out, uniq_blork_the_orc
D:5:      layout_cave_pools, minmay_temple_entry_enclosed_plants
D:6:      lemuel_slime, layout_cave_pools, columned_hall_lemuel
D:7:      layout_basic, minmay_nine_imps, uniq_duvessa
D:8:      layout_rooms, enter_bailey_8, uniq_grum
D:9:      minmay_the_grid_four_pointed_star
          [minmay_the_grid_triangle_9x9_corruption,
          minmay_the_grid_triangle_9x9_longest,
          minmay_the_grid_triangle_9x9_negative_grid,
          minmay_the_grid_triangle_9x9_zippers_horizontal,
          minmay_the_grid_prize_shrinking_boxes], layout_gridville, orc_0_dummy,
          serial_shops, kennysheep_mini
D:10:     layout_irregular_city
D:11:     layout_loops_corners, grunt_lair_entry_orc_guard_hut, serial_shops,
          shop, kennysheep_island_fort
D:12:     layout_loops_ring, kennysheep_cluttered_room, minmay_door_square
D:13:     layout_big_octagon, serial_park, serial_park_paths
          [serial_park_minivault_5x5_3], serial_park_tiny_1, serial_park_square3
          [serial_park_minivault_5x5_7], serial_park_square2
D:14:     layout_roguey, david_vaults_4, ebering_ghost_disaster_area,
          chequers_serial_rivers_large_a
D:15:     hangedman_depths_entry_try_elsewhere_first, layout_basic,
          kennysheep_pointless_box
Temple:   hellmonk_temple_of_storms
Lair:1:   layout_misc_corridors, nzn_ghost_randoct, st_stairs_3
Lair:2:   layout_loops_ring, minmay_snake_entry_guardpost_small,
          gauntlet_entry_generic, st_stairs_8, nicolae_lair_lil_pond
Lair:3:   layout_loops_ring, elwin_shoals_entry_rooms
Lair:4:   layout_misc_corridors, nicolae_slime_entry_slimehenge,
          minmay_lair_oklob_bushes, st_stairs_3
Lair:5:   grunt_lair_end_beastmaster, layout_hall_layers, lemuel_oklob_altar
Shoals:1: layout_shoals, nicolae_splish_splash, uniq_jorgrun
Shoals:2: layout_shoals, nicolae_shoals_abyss_on_the_beach, uniq_louise,
          uniq_ilsuiw, uniq_polyphemus
Shoals:3: layout_shoals, lemuel_altar_in_water
Shoals:4: shoals_end_hellmonk_storm_palace [storm_palace_center_circular,
          storm_palace_corner_pillars, storm_palace_corner_pillars,
          storm_palace_corner_narrow, storm_palace_corner_pillars]
Snake:1:  layout_basic, serial_shops, nicolae_shop_just_a_little_nook,
          serial_bayou_crossing
Snake:2:  layout_chambers, basic_altar
Snake:3:  layout_misc_corridors, st_stairs_7, nicolae_custom_books,
          fake_guardian_serpent_vault
Snake:4:  snake_pit, layout_cave_town, serial_bayou_ford_a,
          nicolae_shop_dragon_depot
Orc:1:    layout_caves, biasface_ghost_orc_armoury
Orc:2:    grunt_orc_gardens, layout_caves, grunt_orc_garden, grunt_orc_garden,
          grunt_orc_garden, grunt_orc_garden, uniq_josephine, uniq_maurice
Vaults:1: nicolae_vaults_quartermaster, hangedman_vaults_corner,
          grunt_vaults_trifunnel, v_misc_12, vaults_room_semicircle,
          nicolae_vaults_tetromino_T_1, vaults_room_semicircle,
          ontoclasm_vaults_shuriken, nicolae_vaults_tetromino_T_2,
          nicolae_vaults_house_3, layout_vaults_quadrants, serial_shops, shop
Vaults:2: v_misc_10, kb_rosetta, blue_anna_dwarven_crypt,
          nicolae_vaults_trapezoid_lopsided_2, ontoclasm_vaults_ring_square,
          nicolae_vaults_variable_pillar_hall, nicolae_vaults_closet_pinwheel_4,
          nicolae_vaults_oval_intersection, dpeg_vaults_monster_box,
          layout_vaults_omnicross
Vaults:3: hangedman_vaults_nodes, v_misc_11, ontoclasm_vaults_twist,
          nicolae_vaults_lightning_bolt, hangedman_vaults_capsules,
          hangedman_vaults_corner_blocks, v_rooms_3,
          ontoclasm_vaults_decontamination, ontoclasm_vaults_chip,
          nicolae_vaults_more_shelving_1, nicolae_vaults_trapezoid_lopsided_3,
          nicolae_vaults_prndl, nicolae_vaults_ring_of_whatevers,
          layout_vaults_omnibox, enter_trove_5, uniq_margery, uniq_zenata,
          uniq_mennas, uniq_donald
Vaults:4: nicolae_vaults_oozy_zoo, nicolae_vaults_mitosis,
          vaults_room_door_hall, vaults_room_grid, ontoclasm_vaults_ligature,
          nicolae_vaults_steering_wheel, v_misc_4, nicolae_vaults_tetromino_Z_2,
          layout_vaults_maze_snakey, uniq_saint_roka
Vaults:5
Depths:1: layout_gridlike, nicolae_lava_and_water, grunt_metal_band,
          rand_demon_pan_entry_5, serial_shops, shop, hangedman_decor_growths,
          eat_drink_and_be_merry_uskayaw, serial_bayou_shore_b
Depths:2: kennysheep_bubbly, layout_cave_pools, hellmouth_1,
          rand_demon_pan_entry_4, lemuel_crystal_altar, minivault_16,
          minmay_staircase_windowed_small
Depths:3: kennysheep_gozag_temple, layout_twisted_cross, serial_shops, shop,
          corexii_leaking_fountain, abyss_entry, pf_hell_entry_tar_river,
          infiniplex_staircase_pool_2
Depths:4: grunt_zot_entry_funnels, layout_gridlike, enter_ziggurat_f,
          serial_shops, nicolae_shop_temple_entry_statues_fountains, hell_entry,
          uniq_frederick, uniq_jory, uniq_grunn
Zot:1:    layout_gridlike
Zot:2:    layout_twisted_circle, regret_index_zotdec_stipple_waver,
          hangedman_zot_spectrum
Zot:3:    ebering_greatest_show_in_zot, layout_twisted_circle,
          regret_index_zotdec_silver_v_v_loose, st_small_dragon_hoard_1,
          bh_zot_lava_cross
Zot:4:    layout_concentric_octagons
Zot:5:    layout_basic, guppyfry_library_mini

Skill      XL: |  1  2  3  4  5  6  7  8  9 10 11 12 13 14 15 16 17 18 19 20 21 22 23 24 25 26 |
---------------+-------------------------------------------------------------------------------+-----
Armour         | 1 2 3 4 5 6 8 9 10 13 15 16 17 19 | 19.0
Fighting       | 3 4 6 7 8 9 10 11 12 13 14 15 16 17 18 19 21 | 21.0
Polearms       | 5 6 8 10 11 12 14 15 16 17 18 19 20 21 22 23 24 | 24.0
Dodging        | 5 6 8 10 11 12 14 15 16 17 18 19 20 21 22 23 24 | 24.0
Invocations    | 1 2 3 4 6 7 8 9 10 11 12 13 15 16 17 18 | 18.0
Throwing       | 3 4 5 6 7 8 9 10 11 12 13 14 | 14.0
Stealth        | 2 4 6 7 8 9 |  9.0
Shields        | 3 4 5 6 8 10 11 12 14 | 14.0

Action                     |  1- 3 |  4- 6 |  7- 9 | 10-12 | 13-15 | 16-18 | 19-21 | 22-24 | 25-27 || total
---------------------------+-------+-------+-------+-------+-------+-------+-------+-------+-------++-------
  Melee: Trident           |   101 |    50 |   208 |   499 |   992 |  1145 |   330 |       |       ||  3325
         Punch             |       |     2 |     2 |       |       |       |       |       |       ||     4
         Unarmed           |       |    11 |       |       |       |       |       |       |       ||    11
         Tailslap          |       |       |       |       |       |    12 |    27 |       |       ||    39
         Demon trident     |       |       |       |       |       |       |  1048 |  1355 |   681 ||  3084
         Trishula          |       |       |       |       |       |       |       |       |    34 ||    34
  Throw: Javelin           |     1 |     4 |       |       |       |       |       |       |       ||     5
         Throwing net      |       |     3 |       |       |     2 |       |       |       |       ||     5
         Dart              |       |       |       |    11 |       |       |       |       |       ||    11
 Invoke: Ancestor Life: Kn |       |       |       |     1 |       |       |       |       |       ||     1
         Recall Ancestor   |       |       |       |     1 |     9 |     8 |     2 |     4 |     4 ||    28
         Idealise          |       |       |       |       |       |     1 |     3 |     1 |     2 ||     7
  Evoke: Wand              |       |       |       |     2 |     2 |     2 |     1 |       |     6 ||    13
    Use: Scroll            |     5 |     2 |    10 |    11 |     9 |     6 |    18 |    13 |    20 ||    94
         Potion            |       |       |     2 |     1 |       |     4 |     1 |     4 |     6 ||    18
   Stab: Sleeping          |     2 |       |       |     4 |     1 |     3 |    11 |       |       ||    21
         Distracted        |       |       |     4 |       |     7 |    17 |    33 |    38 |    21 ||   120
         Invisible         |       |       |       |       |    18 |    27 |       |       |       ||    45
         Held in net/web   |       |       |       |       |     1 |       |     1 |       |       ||     2
 Armour: Leather armour    |    33 |     1 |       |       |       |       |       |       |       ||    34
         Ring mail         |       |    12 |    82 |     4 |       |       |       |       |       ||    98
         Skin              |       |     4 |       |       |       |       |       |       |       ||     4
         Scale mail        |       |       |       |   118 |   244 |   112 |       |       |       ||   474
         Ice dragon scales |       |       |       |       |       |    84 |   126 |       |       ||   210
         Gold dragon scale |       |       |       |       |       |       |   255 |   542 |   420 ||  1217
  Dodge: Dodged            |    52 |    28 |    71 |   105 |   380 |   619 |   416 |   418 |   275 ||  2364
  Block: Buckler           |       |       |     1 |    29 |   131 |   103 |       |       |       ||   264
         Kite shield       |       |       |       |       |       |   249 |   462 |   557 |   347 ||  1615
         Reflection        |       |       |       |       |       |    36 |    70 |    19 |     6 ||   131
